 Dungeon Crawl Stone Soup version 0.27-a0-1529-g1e82c303ef (webtiles) character file.

Game seed: 17153896226317206665

39 Demosthentine the Poker (level 3, -4/28 HPs)
             Began as a Merfolk Gladiator on July 11, 2021.
             Slain by a hobgoblin (6 damage)
             ... led by Robin
             ... on level 2 of the Dungeon.
             The game lasted 00:00:47 (1022 turns).

Demosthentine the Poker (Merfolk Gladiator)         Turns: 1022, Time: 00:00:48

Health: -4/28      AC:  4    Str: 15    XL:     3   Next: 45%
Magic:  3/3        EV: 13    Int:  7    God:
Gold:   53         SH:  0    Dex: 15    Spells: 2/2 levels left

rFire    . . .     SeeInvis .   a - +1 trident
rCold    . . .     Faith    .   (no shield)
rNeg     . . .     Spirit   .   b - +0 leather armour
rPois    .         Reflect  .   c - +0 helmet
rElec    .         Harm     .   (no cloak)
rCorr    .         Rampage  .   (no gloves)
Will     .....                  (no boots)
Stlth    +.........             (no amulet)
HPRegen  0.09/turn              (no ring)
MPRegen  0.08/turn              (no ring)

@: lethally poisoned (-4 -> -16)
A: (nimble swimmer 2), mertail
a: no special abilities


You were on level 2 of the Dungeon.
You visited 1 branch of the dungeon, and saw 2 of its levels.

You collected 53 gold pieces.

Inventory:

Hand Weapons
 a - a +1 trident (weapon)
Missiles
 d - 3 throwing nets (quivered)
Armour
 b - a +0 leather armour (worn)
 c - a +0 helmet (worn)
Potions
 g - a potion of might {unknown}


   Skills:
 + Level 2.7 Fighting
 + Level 5.0 Polearms
 - Level 2.0 Throwing
 + Level 0.8 Armour
 + Level 4.6 Dodging


You had 2 spell levels left.
You didn't know any spells.
Your spell library contained the following spells:

 Spells                   Type           Power      Damage    Failure   Level
 Animate Armour           Summ/Erth      0%         N/A       99%         4
 Blade Hands              Tmut           0%         N/A       100%        5
 Iron Shot                Conj/Erth      0%         9d1       100%        6


Dungeon Overview and Level Annotations

Branches:
Dungeon (2/15)

Altars:

Annotations:
D:2 Robin


Innate Abilities, Weirdness & Mutations

((You are quick and stealthy near water. (Stealth+, EV+, Speed+++)))
Your lower body shifts to a powerful aquatic tail in water.


Message History

You barely miss the goblin.
The goblin is almost dead.
The goblin hits you with a +0 dagger.
You hit the goblin.
You kill the goblin!
You closely miss the hobgoblin. The hobgoblin misses you.
Robin throws the goblin at you!
You barely miss the goblin. The goblin hits you but does no damage.
The hobgoblin closely misses you.
You barely miss the goblin.
The goblin hits you with a +2 dagger of venom.
You are poisoned.
The hobgoblin hits you.
The goblin hits you with a +2 dagger of venom.
You are more poisoned.
Unknown command.
You barely miss the goblin.
* * * LOW HITPOINT WARNING * * *
You feel very sick.
The hobgoblin no longer looks unusually strong.
The hobgoblin hits you.
* * * LOW HITPOINT WARNING * * *
The goblin closely misses you.
Unknown command.
You feel better.
The hobgoblin hits you but does no damage.
Robin roars a battlecry!
The hobgoblin goes into a battle-frenzy!
The goblin hits you with a +2 dagger of venom.
You are poisoned.
You closely miss the goblin.
You feel sick. The hobgoblin closely misses you.
The goblin hits you with a +2 dagger of venom.
* * * LOW HITPOINT WARNING * * *
You are more poisoned.
You hit the goblin.
The goblin is heavily wounded.
* * * LOW HITPOINT WARNING * * *
You feel very sick. The hobgoblin hits you.
You die...

## .# #.# gg ..
#.# g .# #.# #g .#
#.# #####.##.###
#.# ......gg...#
#.# #gB#.# #.#
#g##.####.# #####
#@##.#....#
#.....#g##.#.##.#
#...........#
###.##.#.#########
#..............#
####.#.#######.#
#.#.# #.# #.#.#
#.### ..#.# #.<).


You could see Robin, a giant cockroach, 2 hobgoblins and 2 goblins.

Vanquished Creatures
  A dart slug (D:1)
  4 endoplasms (D:1)
  7 goblins
  A hobgoblin (D:1)
  3 kobolds (D:1)
  6 ball pythons (D:1)
  4 bats
  4 frilled lizards (D:1)
  3 rats (D:1)
33 creatures vanquished.

Notes
Turn   | Place    | Note
-------+----------+-------------------------------------------
     0 | D:1      | Demosthentine the Merfolk Gladiator began the quest for the
                  | Orb.
     0 | D:1      | Reached XP level 1. HP: 16/16 MP: 1/1
   223 | D:1      | Reached XP level 2. HP: 23/23 MP: 2/2
   519 | D:1      | Reached XP level 3. HP: 28/28 MP: 3/3
  1002 | D:2      | Noticed Robin
  1011 | D:2      | Reached skill level 5 in Polearms
  1022 | D:2      | Slain by a hobgoblin

Illustrated notes

Levels and vault maps discovered:
D:1:      minmay_arrival_three_doors, layout_loops_ring, minmay_tromino_v2
D:2:      layout_loops_ring, serial_shops, shop, nicolae_square_shop, shop,
          shop, shop, chequers_ecumenical_altar_lobes, uniq_robin, uniq_natasha

Skill      XL: |  1  2  3 |
---------------+----------+-----
Polearms       | 5 |  5.0
Fighting       | |  2.7
Throwing       | |  2.0
Armour         | |  0.8
Dodging        | |  4.6

Action                   || total
-------------------------++-------
Melee: Trident           ||    84
  Use: Scroll            ||     4
       Potion            ||     1
 Stab: Sleeping          ||     3
Armor: Leather armour    ||    16
Dodge: Dodged            ||    36

Table legend: (Time is in decaauts)
 A = Elapsed time spent in this place.
 B = Non-inter-level travel time spent in this place.
 C = Inter-level travel time spent in this place.
 D = Time resting spent in this place.
 E = Time spent auto-exploring this place.
 F = Levels seen in this place.
 G = Mean time per level.
                   A        B        C        D        E       F      G
               +--------+--------+--------+--------+--------+-----+--------+
         Total |   1026 |    977 |     49 |     23 |    787 |   2 |  513.0 |
       Dungeon |   1026 |    977 |     49 |     23 |    787 |   2 |  513.0 |
               +--------+--------+--------+--------+--------+-----+--------+

Top non-repeatable levels by time:
     D:1: 966 daAuts
     D:2: 60 daAuts
